Map: Ulrena

Players

SticklerMac - Winner!

  • Race: Zerg Zerg
  • League: Platinum

Hashis

  • Race: Zerg Zerg
  • League: Platinum

VOD

Have the link to the VOD?

Description

Time

  • Played on: Nov. 14, 2015, 10:11 p.m.
  • Length: 5:26
Show
View Real Time Build Order
Export as new Build Order

SticklerMac Zerg - Winner!

Build Orders: Hatch First, Zergling Baneling 

Get SALT Encoding   

  12  0:01  Drone  
  13  0:12  Overlord  
  13  0:17  Drone  
  14  0:31  Drone x2  
  16  0:37  Drone  
  17  0:54  Hatchery  
  17  0:57  Drone  
  17  0:59  Extractor  
  17  1:01  Drone  
  17  1:16  Spawning Pool  
  16  1:27  Drone x2  
  16  1:28  Drone  
  19  1:39  Overlord  
  19  1:53  Drone  
  20  2:04  Zergling x2  
  20  2:06  Zergling x2  
  22  2:08  Metabolic Boost  
  22  2:12  Queen  
  22  2:14  Queen  
  26  2:18  Zergling x2  
  26  2:22  Zergling x2  
  28  2:24  Zergling x2  
  29  2:30  Drone  
  29  2:33  Drone  
  31  2:38  Drone  
  32  2:46  Zergling x2  
  33  2:57  Zergling x4  
  32  3:06  Zergling x2  
  32  3:07  Zergling x2  
  32  3:12  Drone  
  33  3:21  Zergling x4  
  33  3:22  Baneling Nest  
  34  3:28  Zergling x2  
  35  3:37  Zergling x2  
  35  3:38  Overlord  
  36  3:52  Zergling x2  
  36  3:54  Overlord x3  
  36  4:03  Zergling x6  
  36  4:05  Baneling x2  
  36  4:06  Baneling x6  
  36  4:07  Baneling x3  
  41  4:12  Zergling x2  
  40  4:18  Zergling x4  
  40  4:19  Zergling x10  
  47  4:25  Zergling x2  
  47  4:43  Zergling x6  
  45  5:00  Zergling x14  
  45  5:01  Zergling x2  
  52  5:07  Zergling x2  
Show
View Real Time Build Order
Export as new Build Order

Hashis Zerg 

Build Orders: Hatch First 

Get SALT Encoding   

  12  0:01  Drone  
  13  0:13  Overlord  
  13  0:17  Drone  
  14  0:31  Drone x2  
  14  0:35  Drone  
  17  0:47  Drone  
  18  1:00  Hatchery  
  17  1:09  Spawning Pool  
  16  1:12  Drone  
  16  1:16  Extractor  
  16  1:18  Drone  
  17  1:24  Drone  
  18  1:34  Drone  
  19  1:44  Evolution Chamber  
  18  1:48  Drone, Extractor  
  18  1:50  Drone  
  19  1:55  Queen  
  21  2:04  Overlord  
  21  2:13  Drone x2  
  23  2:18  Queen  
  25  2:23  Metabolic Boost  
  25  2:29  Drone  
  26  2:34  Drone  
  27  2:37  Drone  
  27  2:39  Zergling x2  
  29  2:45  Zergling x2  
  28  2:54  Zergling x2  
  28  3:04  Zergling x2  
  28  3:05  Zergling x2  
  30  3:09  Queen  
  29  3:19  Zerg Ground Armor Level 1  
  29  3:29  Zergling x6  
  29  3:30  Zergling x2  
  33  3:42  Roach Warren  
  35  3:55  Drone x3  
  35  4:02  Drone  
  34  4:20  Drone  
  34  4:21  Overlord x2  
  35  4:29  Spine Crawler  
  34  4:40  Roach x3  
  40  4:47  Roach  
  40  4:48  Roach  
  40  4:58  Roach x2  
  40  4:59  Zergling x2  
Tags
 
Add a new tag
Caveats
  • Supply blocks, unpowered buildings, or Contaminate may cause inaccurate times.
  • Supply counts are checked every 10 seconds.